 Dungeon Crawl Stone Soup version 0.26-a0-163-g6c8a0bf695 (webtiles) character file.

Game seed: 5425746825597764165

165 BritishOli the Skirmisher (level 5, 0/42 HPs)
             Began as a Demonspawn Monk on July 3, 2020.
             Slain by a gnoll
             ... wielding a +2 whip of flaming
              (7 damage)
             ... on level 3 of the Dungeon.
             The game lasted 00:03:17 (3528 turns).

BritishOli the Skirmisher (Demonspawn Monk)         Turns: 3528, Time: 00:03:18

Health: 0/42       AC:  5    Str: 12    XL:     5   Next: 21%
Magic:  5/5        EV: 12    Int: 12    God:
Gold:   154        SH:  4    Dex: 15    Spells: 4/4 levels left

rFire    . . .     SeeInvis .   h - +0 short sword (speed)
rCold    . . .     Faith    .   (no shield)
rNeg     . . .     Spirit   .   e - +0 ring mail
rPois    .         Reflect  .   (no helmet)
rElec    .         Harm     .   (no cloak)
rCorr    .                      (no gloves)
MR       .....                  (no boots)
Stlth    +.........             (no amulet)
HPRegen  0.14/turn              (no ring)
MPRegen  0.09/turn              (no ring)

@: no status effects
A: hooves 1, large bone plates 1, rot immunity
a: no special abilities


You were on level 3 of the Dungeon.
You were not hungry.

You visited 1 branch of the dungeon, and saw 4 of its levels.

You collected 154 gold pieces.

Inventory:

Hand Weapons
 a - a +0 falchion
 h - a +0 short sword of speed (weapon)
Armour
 b - a +0 robe
 e - a +0 ring mail (worn)
Scrolls
 d - a scroll of noise {unknown}
 g - a scroll of identify {unknown}
 j - a scroll of enchant armour {unknown}
 k - 2 scrolls of remove curse {unknown}
 l - a scroll of random uselessness {unknown}
 m - a scroll of teleportation {unknown}
Potions
 i - a potion of curing {unknown}
 n - a potion of magic {unknown}
Comestibles
 c - 8 rations


   Skills:
 + Level 3.9 Fighting
 + Level 3.5 Long Blades
 + Level 2.0 Armour
 + Level 3.5 Dodging
 - Level 2.0 Stealth


You had 4 spell levels left.
You didn't know any spells.
Your spell library was empty.

Dungeon Overview and Level Annotations

Branches:
Dungeon (4/15)
 Temple: D:4-7

Altars:
Kikubaaqudgha
Qazlal
Yredelemnul


Innate Abilities, Weirdness & Mutations

You have large cloven feet.
You are partially covered in large bone plates. (SH +4)
You are immune to rotting.


Message History

You hit the gnoll.
The gnoll is moderately wounded.
The gnoll hits you with a +2 whip of flaming!
* * * LOW HITPOINT WARNING * * *
The gnoll burns you.
* * * LOW HITPOINT WARNING * * *
You hit the gnoll but do no damage.
The gnoll is moderately wounded.
You hit the gnoll but do no damage. You kick the gnoll.
The gnoll is heavily wounded.
The gnoll completely misses you.
You barely miss the gnoll.
The gnoll is heavily wounded.
You block the gnoll's attack.
You closely miss the gnoll.
The gnoll is heavily wounded.
You hit the gnoll but do no damage.
The gnoll is heavily wounded.
The gnoll hits you with a +2 whip of flaming!
You die...

................#####...#######.#
.....#..###......)...........##.#
.....#..###..÷..............gg)..
.........)).####........K....##..
.....######.# ######.g.#####....
###### ######### #.g.# .#.. #
#...#...# #(..# .#.. #
###.##.##.#####...# .#..
#######_##.##.##@gg##...# .#..
......##.##.##.###.ggK.## .#..
#########÷.###..#####..######.o
#### #### #.....o.o.# #.#######.#
#.# #.# ... ###


You could see a gnoll, 3 goblins and a kobold.

Vanquished Creatures
  An orc priest (D:3)
  Robin (D:3)
  2 adders
  2 oozes (D:1)
  A worm (D:3)
  A leopard gecko (D:1)
  4 orcs (D:3)
  12 giant cockroaches
  13 goblins
  11 hobgoblins
  11 kobolds
  3 quokkas
  9 bats
  5 frilled lizards
  7 rats
83 creatures vanquished.

Notes
Turn   | Place    | Note
-------+----------+-------------------------------------------
     0 | D:1      | BritishOli the Demonspawn Monk began the quest for the Orb.
     0 | D:1      | Reached XP level 1. HP: 18/18 MP: 1/1
   223 | D:1      | Gained mutation: You have large cloven feet. [demonic
                  | ancestry]
   223 | D:1      | Reached XP level 2. HP: 24/24 MP: 2/2
   919 | D:1      | Gained mutation: You are partially covered in large bone
                  | plates. (SH +4) [demonic ancestry]
   919 | D:1      | Reached XP level 3. HP: 15/29 MP: 3/3
  1098 | D:1      | Reached skill level 1 in Armour
  1325 | D:1      | Found an ancient bone altar of Kikubaaqudgha.
  2117 | D:2      | Reached XP level 4. HP: 34/35 MP: 4/4
  2924 | D:3      | Found a basalt altar of Yredelemnul.
  2964 | D:3      | Found a stormy altar of Qazlal.
  3080 | D:3      | Gained mutation: You are immune to rotting. [demonic
                  | ancestry]
  3080 | D:3      | Reached XP level 5. HP: 19/42 MP: 5/5
  3379 | D:3      | Noticed Robin
  3414 | D:3      | Killed Robin
  3503 | D:4      | Identified the +1 leather armour "Zogones" {+Fly rF-
                  | Regen+}
  3528 | D:3      | Slain by a gnoll

Illustrated notes

Levels and vault maps discovered:
D:1:      dpeg_arrival_water_altar, layout_loops_ring
D:2:      minmay_roachtagon, layout_loops_ring
D:3:      layout_loops_cross, marbit_many_paths, old_standard_altar,
          lemuel_crystal_altar, first_ration, minmay_door_square, uniq_robin
D:4:      layout_basic, kennysheep_cluttered_room,
          hangedman_abyss_or_decor_lesser_grid

Skill      XL: |  1  2  3  4  5 |
---------------+----------------+-----
Stealth        | 2 |  2.0
Long Blades    | 3 |  3.5
Dodging        | 3 |  3.5
Armour         | 1 2 |  2.0
Fighting       | |  3.9

Action                   |  1- 3 |  4- 6 || total
-------------------------+-------+-------++-------
Melee: Falchion          |    38 |       ||    38
       Kick              |    30 |    35 ||    65
       Short sword       |    91 |   157 ||   248
 Stab: Sleeping          |     6 |     1 ||     7
       Distracted        |       |     1 ||     1
  Eat: Chunk             |     3 |     5 ||     8
Armor: Robe              |    12 |    14 ||    26
Dodge: Dodged            |    92 |    67 ||   159
Block: Other             |    14 |    22 ||    36
       Rpst.: Falchion   |    10 |       ||    10

Table legend:
 A = Non-vault XP
 B = Vault XP
 C = Vault XP percentage of total XP
 D = Non-vault monster count
 E = Vault monster count
 F = Vault count percentage of total count
                 A         B        C        D         E       F
            +---------+---------+-------+---------+---------+-------
      Total |     188 |      48 |  20.3 |      65 |      18 |  21.7
            +---------+---------+-------+---------+---------+-------
        D:1 |      57 |       0 |   0.0 |      28 |       0 |   0.0
        D:2 |      41 |      18 |  30.5 |      18 |       9 |  33.3
        D:3 |      90 |      26 |  22.4 |      19 |       7 |  26.9
        D:4 |       0 |       4 | 100.0 |       0 |       2 | 100.0
            +---------+---------+-------+---------+---------+-------
